 Dungeon Crawl Stone Soup version 0.23.2-1-ga50397a (webtiles) character file.

Game seed: 13070292819718056614

135 IBeShadow the Bolt Thrower (level 5, -2/33 HPs)
             Began as a Kobold Hunter on Apr 29, 2019.
             Killed by divine providence
             ... invoked by an orc priest
              (15 damage)
             ... on level 3 of the Dungeon.
             The game lasted 00:03:21 (2343 turns).

IBeShadow the Bolt Thrower (Kobold Hunter)          Turns: 2343, Time: 00:03:23

Health: -2/33      AC:  7    Str: 11    XL:     5   Next: 42%
Magic:  5/5        EV: 13    Int: 12    God:
Gold:   175        SH:  0    Dex: 15    Spells: 4/4 levels left

rFire    . . .     SeeInvis .   a - +1 hand crossbow
rCold    . . .     Gourm    .   (shield restricted)
rNeg     . . .     Faith    .   g - +0 ring mail
rPois    .         Spirit   .   (no helmet)
rElec    .         Reflect  .   e - +0 cloak
rCorr    .         Harm     .   (no gloves)
MR       .....                  k - +0 pair of boots
Stlth    +.........             (no amulet)
HPRegen  0.11/turn              (no ring)
MPRegen  0.09/turn              (no ring)

@: no status effects
A: small, carnivore
a: no special abilities


You were on level 3 of the Dungeon.
You were completely stuffed.

You visited 1 branch of the dungeon, and saw 3 of its levels.

You collected 175 gold pieces.

Inventory:

Hand Weapons
 a - a +1 hand crossbow (weapon)
 b - a +0 short sword
Missiles
 d - 49 bolts (quivered)
Armour
 e - a +0 cloak (worn)
 g - a +0 ring mail (worn)
 k - a +0 pair of boots (worn)
Jewellery
 i - a +4 amulet of reflection {unknown}
Scrolls
 c - a scroll of random uselessness {unknown}
 j - 2 scrolls of identify {unknown}
Potions
 l - a potion of brilliance {unknown}
Comestibles
 f - 6 rations
 h - 2 chunks of flesh


   Skills:
 + Level 3.7 Fighting
 + Level 3.4 Short Blades
 + Level 5.9 Crossbows
 - Level 2.4 Dodging
 - Level 1.3 Stealth


You had 4 spell levels left.
You didn't know any spells.
Your spell library was empty.

Dungeon Overview and Level Annotations

Branches:
Dungeon (3/15)

Altars:
Makhleb


Innate Abilities, Weirdness & Mutations

You are small and have problems with some larger weapons.
You are carnivorous and can eat meat at any time.


Message History

Press: ? - help, Shift-Dir - straight line, f/p - orc priest
Aim: an orc priest, wielding a +2 flail of protection (severely wounded)
You shoot a bolt. The bolt closely misses the orc priest.
The orc priest casts a cantrip, but nothing happens.
Firing (i - inventory)
d - 51 bolts (quivered)
Press: ? - help, Shift-Dir - straight line, f/p - orc priest
Aim: an orc priest, wielding a +2 flail of protection (severely wounded)
You shoot a bolt. The bolt hits the orc.
The orc is severely wounded.
An adder comes into view.
Firing (i - inventory)
d - 50 bolts (quivered)
Press: ? - help, Shift-Dir - straight line, f/p - orc priest
Aim: an orc priest, wielding a +2 flail of protection (severely wounded)
You shoot a bolt. The adder hisses angrily.
The bolt hits the orc priest.
The orc priest is almost dead.
The orc priest invokes the aid of Beogh against you.
Beogh smites you!
You die...

##............
#.............
##.....###.... ##...##
#.... ##.## ##..# ######
### #..# ....(.### #..#
(.(.....### ###..#
....(oo@).#########....#
..#.#o.................#
.S......(#########.####
##.#(..........# #.#
#...>...#####.# #.#
###.#.### #.# #.# #...#
#.###.# ....## #.....#
###! #####.#


You could see an orc priest, an adder and 2 orcs.

Vanquished Creatures
  A quasit (D:3)
  5 adders (D:2)
  An ooze (D:3)
  A worm (D:2)
  2 dart slugs
  2 leopard geckos (D:1)
  An orc (D:3)
  6 bats
  2 giant cockroaches (D:2)
  4 hobgoblins
  4 jackals (D:1)
  A ball python (D:1)
  3 frilled lizards
  3 goblins
  5 kobolds
  6 rats
47 creatures vanquished.

Notes
Turn   | Place    | Note
-------+----------+-------------------------------------------
     0 | D:1      | IBeShadow the Kobold Hunter began the quest for the Orb.
     0 | D:1      | Reached XP level 1. HP: 12/12 MP: 1/1
   123 | D:1      | Reached skill level 1 in Short Blades
   123 | D:1      | Reached XP level 2. HP: 8/18 MP: 2/2
   125 | D:1      | Reached skill level 5 in Crossbows
   855 | D:1      | Reached XP level 3. HP: 22/22 MP: 3/3
  1380 | D:2      | Reached XP level 4. HP: 27/28 MP: 4/4
  1883 | D:2      | Found a burning altar of Makhleb.
  2279 | D:3      | Reached XP level 5. HP: 31/32 MP: 5/5
  2343 | D:3      | Killed from afar by an orc priest

Skill      XL: |  1  2  3  4 |
---------------+-------------+-----
Short Blades   | 1 2 3 |  3.4
Crossbows      | 5 |  5.9
Fighting       | 3 |  3.7
Dodging        | |  2.4
Stealth        | |  1.3

Action                   |  1- 3 |  4- 6 || total
-------------------------+-------+-------++-------
Melee: Short sword       |    98 |    79 ||   177
 Fire: Hand crossbow     |    15 |    15 ||    30
  Use: Potion            |     1 |       ||     1
 Stab: Sleeping          |     2 |       ||     2
  Eat: Chunk             |    10 |     3 ||    13
Armor: Leather armour    |    19 |       ||    19
       Ring mail         |    30 |    30 ||    60
Dodge: Dodged            |   104 |    73 ||   177
